Map: Abyssal Reef LE

Players

ALcO - Winner!

  • Race: Terran Terran
  • League: Silver
  • Spawn Location: 11:00

Yata

  • Race: Zerg Zerg
  • League: Bronze
  • Spawn Location: 5:00

VOD

Have the link to the VOD?

Description

Time

  • Played on: July 7, 2017, 9:01 p.m.
  • Length: 15:24
Show
View Real Time Build Order
Export as new Build Order

ALcO Terran - Winner!

Build Orders:  

Get SALT Encoding   

  12  0:01  SCV  
  13  0:13  SCV  
  14  0:24  Supply Depot  
  14  0:25  SCV  
  15  0:45  SCV  
  15  0:47  Barracks  
  16  0:57  SCV  
  16  1:00  Barracks  
  17  1:05  Refinery  
  17  1:09  SCV  
  18  1:22  SCV  
  19  1:34  Supply Depot, SCV  
  19  1:35  Marine  
  21  1:46  Marine  
  22  2:00  Command Center  
  22  2:07  Orbital Command  
  22  2:09  Marine  
  23  2:22  Marine  
  24  2:32  Barracks  
  24  2:37  Marine  
  24  2:40  SCV  
  26  2:55  Marine  
  26  2:56  Marine  
  28  3:02  Supply Depot, SCV  
  29  3:13  Marine  
  29  3:18  SCV  
  31  3:21  SCV  
  32  3:27  Barracks Reactor  
  32  3:30  Barracks  
  32  3:31  Marine x2  
  34  3:35  Supply Depot  
  34  3:41  Orbital Command  
  34  3:45  SCV  
  35  3:50  Marine x2  
  37  3:57  SCV  
  37  4:02  Supply Depot  
  38  4:07  Marine  
  38  4:09  SCV  
  40  4:11  Barracks Tech Lab  
  40  4:12  Marine x2  
  42  4:18  Barracks Reactor  
  42  4:22  SCV  
  43  4:25  Marine  
  43  4:27  Barracks  
  43  4:29  Marine  
  43  4:30  Marine x2  
  47  4:34  SCV  
  47  4:37  SCV  
  49  4:40  Supply Depot  
  49  4:43  Marine  
  50  4:47  Marine x2  
  50  4:48  Marine  
  50  4:49  SCV  
  54  4:56  Marine  
  54  4:57  Marine  
  56  5:01  SCV, Marine  
  56  5:03  Supply Depot  
  56  5:05  Marine x3  
  61  5:13  SCV  
  55  5:14  Marine  
  55  5:15  Marine x2  
  55  5:19  Marine  
  59  5:23  Marine x3  
  59  5:25  SCV  
  57  5:32  Marine  
  57  5:33  Marine x2  
  54  5:36  Marine  
  54  5:41  Marine x3  
  49  5:50  Marine x2  
  49  5:51  Marine  
  49  5:54  Marine  
  52  5:57  SCV  
  52  5:58  Marine  
  52  5:59  Marine x2  
  56  6:08  Marine x2  
  56  6:09  Marine  
  56  6:10  Factory  
  59  6:12  Marine  
  59  6:16  Marine x2  
  59  6:17  Marine  
  63  6:25  Supply Depot, Marine  
  63  6:26  Marine  
  63  6:27  Marine  
  63  6:30  Marine  
  67  6:34  Factory, Marine x3  
  70  6:43  Marine  
  70  6:44  Marine x2  
  73  6:48  Marine  
  73  6:52  Marine x3  
  77  6:55  Factory Tech Lab  
  77  7:00  Starport  
  77  7:01  Marine  
  77  7:02  Supply Depot, Marine  
  81  7:10  Marine x3  
  81  7:12  Barracks  
  81  7:13  Barracks Reactor  
  83  7:19  Marine x2  
  84  7:27  Marine  
  84  7:28  Marine x2  
  87  7:31  Barracks Reactor  
  87  7:37  Marine x2  
  87  7:39  Factory Tech Lab  
  87  7:42  Starport Tech Lab  
  89  7:45  Marine  
  89  7:46  Marine x2, Starport  
  89  7:49  Marine x2  
  94  7:55  Marine x2  
  96  8:03  Refinery, Marine x3  
  99  8:06  Marine x3  
  102  8:21  Supply Depot  
  102  8:26  Starport Tech Lab  
  102  8:27  Supply Depot  
  102  8:43  Medivac, Marine x6  
  110  8:48  Marine x4  
  110  8:49  Supply Depot, Siege Tank  
  117  8:59  Banshee  
  117  9:00  Marine x6  
  110  9:06  Marine x4  
  100  9:18  Marine x6  
  89  9:24  Marine x4  
  90  9:38  Marine  
  89  9:39  Marine x5  
  89  9:42  Marine x4  
  99  9:47  Siege Tank  
  99  9:52  Supply Depot  
  102  9:56  Marine x6  
  102  9:57  Siege Tank  
  111  10:00  Marine x4  
  111  10:06  Supply Depot  
  115  10:14  Marine x6  
  115  10:17  Marine x4  
  125  10:30  Command Center  
  125  10:31  Marine  
  125  10:32  Barracks, Marine x4  
  130  10:35  Marine x2  
  131  11:05  Barracks Reactor  
  130  11:35  Barracks Reactor  
  130  11:39  Siege Tank  
  133  11:40  Siege Tank  
  133  11:41  Banshee  
  133  11:42  Raven  
  133  11:45  Command Center  
  135  11:58  Marine x2  
  135  11:59  Marine x5  
  142  12:09  Supply Depot  
  142  12:30  Marine x8  
  150  12:40  Supply Depot  
  150  12:51  Marine x6  
  80  13:09  Marine x2  
  80  13:10  Marine x9  
  88  13:13  Marine  
  89  13:23  Marine  
  89  13:27  Marine  
  91  13:34  Marine  
  91  13:35  Marine x2  
  91  13:36  Marine  
  95  13:45  Marine  
  95  13:46  Marine  
  93  14:11  Marine x2  
  93  14:12  Marine x5  
  99  14:25  Marine  
  99  14:26  Marine x2  
  93  14:55  Marine  
  93  14:56  Marine x7  
Show
View Real Time Build Order
Export as new Build Order

Yata Zerg 

Build Orders: Hatch First 

Get SALT Encoding   

  12  0:01  Drone  
  13  0:12  Overlord  
  13  0:26  Drone  
  14  0:31  Drone x2  
  16  0:37  Drone  
  17  1:00  Hatchery  
  16  1:04  Drone  
  16  1:05  Drone  
  16  1:09  Extractor  
  17  1:16  Spawning Pool  
  16  1:21  Drone  
  16  1:23  Drone  
  18  1:37  Drone  
  19  1:43  Overlord  
  19  1:52  Drone  
  20  2:03  Queen  
  22  2:12  Queen  
  22  2:15  Metabolic Boost  
  24  2:17  Zergling x4  
  26  2:28  Drone  
  26  2:29  Drone x2  
  29  2:36  Roach Warren  
  28  2:50  Evolution Chamber  
  27  3:05  Drone  
  28  3:07  Overlord  
  28  3:09  Hatchery  
  27  3:14  Overlord  
  27  3:25  Zergling x2  
  28  3:33  Overlord x2  
  28  3:40  Extractor  
  27  3:47  Extractor  
  26  3:52  Extractor  
  25  3:57  Roach x5  
  35  4:15  Zerg Missile Weapons Level 1  
  35  4:21  Roach  
  35  4:22  Roach x2  
  41  4:37  Roach x2  
  45  4:42  Roach x2  
  49  4:58  Drone  
  49  4:59  Drone x4  
  54  5:06  Overlord  
  51  5:33  Roach x5  
  43  5:50  Roach  
  43  5:51  Roach  
  43  6:04  Roach x2  
  45  6:16  Drone  
  45  6:17  Drone x7  
  53  6:21  Queen  
  55  6:36  Roach x4  
  63  6:46  Zerg Ground Armor Level 1  
  63  6:54  Lair  
  63  6:58  Roach  
  65  7:19  Overlord x4  
  65  7:38  Roach  
  65  7:39  Roach x4  
  75  7:53  Roach  
  75  7:54  Roach x2  
  81  8:10  Roach x4  
  89  8:18  Pneumatized Carapace  
  89  8:28  Roach  
  89  8:29  Roach x2  
  97  8:34  Ravager x2  
  97  8:35  Ravager  
  97  8:37  Overlord  
  98  8:59  Ravager  
  71  9:22  Ravager x2  
  37  9:42  Drone x4  
  37  9:43  Drone  
  37  9:44  Overlord x4  
  42  9:49  Roach x3  
  42  9:50  Roach x5  
  58  9:57  Roach x2  
  62  10:14  Zerg Missile Weapons Level 2  
  62  10:18  Zergling x2  
  62  10:19  Zergling x10  
  68  10:31  Spire  
  68  10:34  Roach x2  
  71  11:02  Roach x4  
  71  11:03  Hatchery  
  76  11:14  Baneling Nest  
  71  11:36  Zergling x8  
  71  11:37  Zergling x16  
  71  11:39  Roach  
  53  12:04  Baneling  
  53  12:05  Baneling x14  
  54  12:08  Zergling x2  
  54  12:09  Zergling x6  
  57  12:38  Zergling x2  
  57  12:39  Zergling x20  
  60  13:04  Zergling x6  
  60  13:05  Zergling x8  
  55  13:17  Zergling x6  
  51  13:31  Roach x3  
  47  14:02  Roach x6  
  50  14:03  Roach x3  
  50  14:08  Roach x4  
  39  14:25  Roach x2  
  37  14:34  Zergling x2  
  37  14:35  Zergling x4  
  22  14:53  Baneling x2  
  22  14:54  Baneling x2  
  22  14:58  Baneling  
Tags
 
Matchup
TvZ
Replay Pack
Pack 1
Spawn Locations
Cross Positions
Add a new tag
Caveats
  • Supply blocks, unpowered buildings, or Contaminate may cause inaccurate times.
  • Supply counts are checked every 10 seconds.